Map: Lerilak Crest

Players

Miltreta

  • Race: Terran Terran
  • League: Bronze

gracius - Winner!

  • Race: Terran Terran
  • League: Bronze

VOD

Have the link to the VOD?

Description

Time

  • Played on: March 16, 2016, 1:05 p.m.
  • Length: 19:05
Show
View Real Time Build Order
Export as new Build Order

Miltreta Terran 

Build Orders: MMM Bio 

Get SALT Encoding   

  12  0:01  SCV  
  13  0:13  SCV  
  14  0:19  Supply Depot  
  14  0:25  Refinery  
  14  0:29  SCV  
  15  0:41  SCV  
  16  0:53  SCV  
  16  0:56  Barracks  
  17  1:05  SCV  
  18  1:19  SCV  
  19  1:33  SCV  
  20  1:42  Refinery  
  20  1:47  Orbital Command  
  20  1:49  Supply Depot, Reaper  
  21  2:13  SCV  
  22  2:21  Reaper  
  23  2:36  Factory, Command Center  
  23  2:39  SCV  
  23  2:43  Supply Depot  
  24  2:58  Barracks Tech Lab  
  24  3:04  SCV  
  25  3:10  Engineering Bay  
  25  3:34  Barracks Tech Lab  
  25  3:43  Siege Tank  
  27  4:00  Stimpack  
  27  4:18  Barracks  
  27  4:20  Barracks  
  27  4:21  Barracks  
  27  4:22  Starport  
  27  4:25  SCV  
  28  4:32  Reaper  
  29  4:55  SCV  
  30  5:01  Siege Tank  
  30  5:04  Reaper  
  34  5:07  Medivac  
  34  5:09  Barracks Reactor  
  36  5:22  SCV  
  36  5:23  Orbital Command  
  37  5:29  Bunker  
  37  5:42  Reaper x2  
  39  5:43  Marine  
  40  6:10  Supply Depot x2  
  37  6:26  Marine x2  
  37  6:27  Marine  
  37  6:28  Barracks Reactor  
  40  6:53  Siege Tank  
  43  6:56  Starport Reactor  
  43  7:14  Marine x3  
  46  7:16  Barracks Tech Lab  
  46  7:18  Combat Shields  
  46  7:29  Marauder  
  48  7:37  Medivac  
  48  7:39  Concussive Shells  
  50  7:48  Missile Turret  
  50  7:49  SCV x2  
  52  7:56  Engineering Bay  
  52  8:04  Armory  
  52  8:10  SCV x2  
  54  8:14  Terran Infantry Weapons Level 1  
  54  8:16  Factory  
  54  8:22  Marine x4  
  54  8:23  Marine  
  54  8:24  Supply Depot  
  54  8:25  Supply Depot  
  59  8:30  Medivac  
  59  8:31  Barracks  
  61  8:46  Siege Tank  
  64  9:05  Refinery  
  64  9:06  SCV  
  64  9:07  SCV  
  64  9:09  Refinery  
  61  10:09  Thor  
  67  10:14  Barracks Reactor  
  67  10:22  Starport  
  67  10:27  SCV x2  
  69  10:32  Liberator x2  
  69  10:39  SCV  
  69  10:40  SCV  
  71  10:43  Marine x2  
  71  10:44  Marine x3  
  71  10:47  Factory Tech Lab  
  79  10:52  Siege Tank  
  85  10:58  Supply Depot  
  85  11:00  Supply Depot  
  85  11:01  Supply Depot  
  85  11:10  Command Center  
  85  11:39  Viking x2  
  89  11:53  Marine x2  
  89  11:54  Marine x2  
  93  12:10  Terran Infantry Weapons Level 2, Terran Infantry Armor Level 1  
  93  12:17  Armory  
  93  12:20  Armory  
  93  12:22  SCV x2  
  95  12:30  Supply Depot  
  95  12:32  Supply Depot  
  95  12:41  Refinery  
  95  12:48  Viking  
  95  12:49  Viking  
  99  12:52  Thor, Siege Tank  
  99  12:54  Marine x3  
  111  13:18  Medivac  
  111  13:19  Medivac  
  115  13:36  Refinery  
  65  14:12  Viking x2  
  65  14:13  Viking  
  33  14:53  Viking x2  
  39  15:00  Missile Turret x2  
  39  15:03  Missile Turret  
  32  15:56  Marine x3  
  33  16:11  Widow Mine  
  33  16:16  Marine x3  
  38  16:23  Starport Reactor  
  38  16:40  Widow Mine, Starport  
  38  16:43  Starport  
  40  17:05  Barracks Reactor  
  40  17:08  Barracks Reactor  
  40  17:12  Barracks Reactor  
  40  17:14  SCV  
  40  17:15  SCV  
  42  17:22  Starport Reactor  
  42  17:23  Starport Reactor  
  42  17:24  Viking x2  
  46  17:32  Factory  
  46  17:35  Supply Depot  
  41  18:09  Viking  
  41  18:10  Viking x3  
Show
View Real Time Build Order
Export as new Build Order

gracius Terran - Winner!

Build Orders: Command Center First (CC) 

Get SALT Encoding   

  12  0:01  SCV  
  13  0:14  SCV  
  14  0:26  SCV  
  15  0:35  Supply Depot  
  15  1:07  SCV  
  15  1:08  Command Center  
  16  1:19  SCV  
  16  1:24  Barracks  
  17  1:30  Refinery  
  17  1:33  Refinery  
  17  1:57  SCV  
  18  2:09  SCV  
  18  2:15  Barracks  
  19  2:16  Barracks Reactor  
  19  2:21  SCV  
  20  2:22  Refinery  
  20  2:23  SCV  
  21  2:35  SCV  
  22  2:38  Refinery  
  22  2:40  SCV  
  23  2:52  SCV  
  24  3:02  Barracks Reactor  
  24  3:04  Reaper  
  24  3:05  Reaper  
  26  3:11  Supply Depot  
  26  3:12  SCV  
  27  3:24  SCV  
  28  3:36  Reaper  
  28  3:37  Reaper  
  29  4:02  Reaper x2  
  31  4:06  Factory  
  31  4:11  SCV  
  31  4:13  SCV  
  33  4:20  Marine x2  
  33  4:23  SCV  
  36  4:25  SCV  
  37  4:37  SCV  
  36  4:49  SCV  
  36  5:02  SCV  
  36  5:03  Factory Tech Lab  
  37  5:07  Factory  
  37  5:09  Marine x2  
  37  5:14  SCV  
  40  5:24  Siege Tank  
  40  5:26  SCV  
  40  5:27  Marine x2  
  46  5:56  Supply Depot  
  46  6:03  Supply Depot  
  46  6:06  Factory Tech Lab  
  46  6:18  Marine x4, Siege Tank  
  53  6:20  Supply Depot  
  51  6:35  Marine x3  
  51  6:51  Starport  
  51  7:05  Engineering Bay  
  51  7:06  Marine x2  
  51  7:08  Marine x2  
  55  7:10  Siege Tank  
  55  7:11  Siege Tank  
  61  7:24  Marine x2  
  61  7:25  Marine x2  
  61  7:27  Starport Reactor  
  61  7:28  Supply Depot  
  61  7:29  Supply Depot  
  65  7:33  Starport  
  65  7:42  Marine x2, Siege Tank  
  65  7:43  Missile Turret  
  70  7:48  Missile Turret  
  70  7:50  SCV, Marine x2, Siege Tank  
  76  8:02  SCV  
  77  8:07  Marine  
  78  8:14  SCV  
  79  8:22  Siege Tank  
  79  8:26  SCV  
  83  8:35  Supply Depot  
  83  8:36  Supply Depot  
  83  8:38  SCV  
  83  8:39  Starport Tech Lab  
  84  8:44  Starport  
  84  8:47  Medivac  
  86  8:56  SCV  
  86  8:57  Missile Turret  
  87  9:08  SCV  
  88  9:10  Medivac  
  89  10:09  Refinery  
  89  10:15  Missile Turret  
  89  10:18  Starport Tech Lab  
  89  10:25  Barracks Reactor  
  89  10:27  Marine x2  
  91  10:29  Medivac  
  91  10:35  Fusion Core  
  93  10:40  Supply Depot  
  93  10:43  Supply Depot  
  93  10:45  Marine  
  94  10:50  Missile Turret  
  94  11:00  Orbital Command  
  94  11:01  Medivac, Marine  
  94  11:02  Marine  
  98  11:19  Marine  
  98  11:20  Marine  
  98  11:22  Medivac, Missile Turret, Command Center  
  102  11:27  Battlecruiser  
  102  11:31  Medivac  
  110  11:33  Supply Depot  
  110  11:55  Marine, Battlecruiser  
  117  12:20  Supply Depot  
  117  12:24  Supply Depot  
  117  12:33  Viking x2  
  117  12:36  Orbital Command  
  121  12:48  Supply Depot  
  121  12:52  Refinery  
  121  13:13  Refinery  
  79  15:00  Viking x2  
  79  15:01  Battlecruiser  
  79  15:02  Battlecruiser  
  79  15:03  Marine x2  
  79  15:05  Marine x2  
  97  15:21  Marine x2  
  97  15:23  Marine x2  
  101  15:39  Marine x2  
  101  15:40  Marine x2  
  99  15:57  Marine  
  100  16:06  Battlecruiser x2  
  112  16:36  Viking  
  114  16:50  Viking  
  116  16:57  Marine x2  
  116  16:59  Marine x2  
  118  17:10  Battlecruiser x2  
  118  17:15  Marine x2  
  132  17:16  Marine x2  
  134  17:33  Marine x2  
  134  17:34  Marine x2  
  138  17:50  Marine  
  138  17:51  Marine  
  134  17:52  Marine x2  
Tags
 
Add a new tag
Caveats
  • Supply blocks, unpowered buildings, or Contaminate may cause inaccurate times.
  • Supply counts are checked every 10 seconds.